 Dungeon Crawl Stone Soup version 0.13.0-26-gf7ffa3a (webtiles) character file.

107 saracen the Shield-Bearer (level 3, 0/33 HPs)
             Began as a Minotaur Fighter on Nov 1, 2013.
             Slain by Sigmund
             ... wielding a +0,+0 scythe
              (7 damage)
             ... on Level 2 of the Dungeon.
             The game lasted 00:07:50 (1465 turns).

saracen the Shield-Bearer (Minotaur Fighter)        Turns: 1465, Time: 00:07:50

HP   0/33        AC  7     Str 21      XL: 3   Next: 37%
MP   0/1         EV  7     Int  5      God:
Gold 64          SH  0     Dex  9      Spells:  0 memorised,  2 levels left

Res.Fire  : . . .   See Invis. : .   a - +0 mace
Res.Cold  : . . .   Warding    : .   b - +0 scale mail
Life Prot.: . . .   Conserve   : .   o - +0 dwarf shield
Res.Poison: .       Res.Corr.  : .   (helmet restricted)
Res.Elec. : .       Clarity    : .   (no cloak)
Sust.Abil.: . .     Spirit.Shd : +   (no gloves)
Res.Mut.  : .       Stasis     : .   (no boots)
Res.Rott. : .       Flight     : .   d - amulet of guardian spirit
Saprovore : . . .                    (no ring)
                                     (no ring)

@: confused, not resistant to hostile enchantments, extremely unstealthy
A: retaliatory headbutt, horns 2
a: no special abilities


You were on level 2 of the Dungeon.
You were not hungry.

You visited 1 branch of the dungeon, and saw 2 of its levels.

You collected 44 gold pieces.

Inventory:

Hand weapons
 a - a +0,+0 mace (weapon)
 j - a +1,+0 elven dagger of venom
 p - a +1,+1 dwarven dagger
 y - a -1,+0 orcish whip
Missiles
 m - 6 javelins (quivered)
 r - 2 curare-tipped needles
 s - 15 poisoned needles
Armour
 b - a +0 scale mail (worn)
 o - a +0 dwarven shield (worn)
Magical devices
 c - a wand of frost (0)
Comestibles
 f - 2 meat rations
 v - a pear
 x - a royal jelly
Scrolls
 h - a scroll of identify {unknown}
 i - a scroll of magic mapping {unknown}
 n - 2 scrolls of remove curse {unknown}
 t - 2 scrolls of enchant weapon I {unknown}
 w - a scroll of fear {unknown}
Jewellery
 d - an amulet of guardian spirit (around neck)
 u - an uncursed ring of poison resistance {unknown}
Potions
 e - a potion of brilliance {unknown}
 g - a potion of confusion {unknown}
 l - a potion of slowing {unknown}
 q - 2 potions of invisibility {unknown}


   Skills:
 + Level 4.0 Fighting
 + Level 2.9 Maces & Flails
 + Level 4.1 Armour
 + Level 0.7 Dodging
 + Level 4.2 Shields


You had 2 spell levels left.
You didn't know any spells.

Dungeon Overview and Level Annotations

Branches:
Dungeon (2/27)

Altars:
Vehumet

Annotations:
D:2 Sigmund


Innate Abilities, Weirdness & Mutations

You reflexively headbutt those who attack you in melee.
You have a pair of horns on your head.


Message History

You resist.
Unknown command.
Zapping:
c - a wand of frost {zapped: 5}
Press: ? - help, Shift-Dir - straight line, f - Sigmund
Aim: Sigmund, wielding a scythe and wearing a robe Nothing appears to happen.
Sigmund gestures at you while chanting. The magic dart hits you!
* * * LOW HITPOINT WARNING * * *
You feel refreshed.
It was a potion of restore abilities.
Sigmund gestures at you while chanting. The magic dart hits you!
* * * LOW HITPOINT WARNING * * *
Unknown command.
You hit Sigmund. Your headbutt misses Sigmund.
Sigmund is lightly wounded.
Sigmund zaps a wand.
You are confused.
Ouch! Sigmund hits you with a scythe!
You die...

#...####### #.........#
#...###.... #
####..............
####.##.................
#.....?.##..............
@. #.######...###....
#.##. #.# #.........# #
... #@# #...#####.#
.#.##.##@# ...#####.#
.........# #......#
#.........#### #
#.###... ...###.!....#
.. #.##
#.....%.######.###%#
#..####............##
#..#.....####........
#..#.##.## #.##.##.#


You could see Sigmund.

Vanquished Creatures
  2 adders (D:2)
  A giant gecko (D:2)
  2 oozes
  A giant cockroach (D:2)
  6 goblins
  3 hobgoblins (D:1)
  A kobold (D:2)
  A ball python (D:1)
  4 bats
  A giant newt (D:2)
  2 rats (D:2)
24 creatures vanquished.

Notes
Turn   | Place    | Note
--------------------------------------------------------------
     0 | D:1      | saracen, the Minotaur Fighter, began the quest for the Orb.
     0 | D:1      | Reached XP level 1. HP: 19/19 MP: 0/0
   261 | D:1      | Reached XP level 2. HP: 26/26 MP: 0/0
   887 | D:2      | Found a radiant altar of Vehumet.
   903 | D:2      | Reached skill level 4 in Fighting
  1136 | D:2      | Reached XP level 3. HP: 31/33 MP: 1/1
  1449 | D:2      | Noticed Sigmund
  1465 | D:2      | Slain by Sigmund

Action                   || total
-------------------------++-------
Melee: Mace              ||    63
  Use: Potion            ||     1
